 Dungeon Crawl Stone Soup version 0.28-a0-8-g6e044cfa68 (webtiles) character file.

Game seed: 15776278559709792891

844 Spaninq the Spear-Bearer (level 8, 0/62 HPs)
             Began as a Merfolk Berserker on July 23, 2021.
             Was a Priest of Trog.
             Slain by Prince Ribbit (10 damage)
             ... on level 5 of the Dungeon.
             The game lasted 00:12:58 (6007 turns).

Spaninq the Spear-Bearer (Merfolk Berserker)        Turns: 6007, Time: 00:12:58

Health: 0/62       AC:  9    Str: 19    XL:     8   Next: 0%
Magic:  0/17       EV: 13    Int:  7    God:    Trog [***...]
Gold:   165        SH:  5    Dex: 13    Spells: 7/7 levels left

rFire   + . .      SeeInvis .   s - +2 short sword (venom)
rCold   . . .      Faith    .   b - +0 buckler
rNeg    . . .      Spirit   +   v - +2 animal skin
rPois   .          Reflect  .   t - +1 helmet
rElec   .          Harm     .   (no cloak)
rCorr   .          Rampage  .   (no gloves)
Will    .....                   c - +2 pair of boots
Stlth   +.........              d - amulet of guardian spirit
HPRegen 0.20/turn               f - ring of magical power
MPRegen 0.15/turn               h - ring of protection from fire

@: flying
A: (nimble swimmer 2), mertail
a: Renounce Religion, Berserk, Trog's Hand


You were on level 5 of the Dungeon.
You worshipped Trog.
Trog was most pleased with you.
You visited 1 branch of the dungeon, and saw 5 of its levels.

You collected 219 gold pieces.
You spent 54 gold pieces at shops.

Inventory:

Hand Weapons
 a - a +1 trident
 s - a +2 short sword of venom (weapon)
Armour
 b - a +0 buckler (worn)
 c - a +2 pair of boots (worn)
 p - a +0 chain mail
 t - a +1 helmet (worn)
 v - a +2 animal skin (worn)
 x - a +2 tower shield
Jewellery
 d - an amulet of guardian spirit (around neck)
 f - a ring of magical power (left hand)
 h - a ring of protection from fire (right hand)
 q - a ring of fire
Scrolls
 g - a scroll of teleportation
 y - a scroll of enchant weapon
Potions
 e - 2 potions of curing
 j - a potion of haste
 o - a potion of mutation
 z - a potion of heal wounds {unknown}


   Skills:
 + Level 5.3 Fighting
 * Level 9.1 Polearms
 + Level 2.1 Armour
 + Level 3.9 Dodging
 + Level 4.1 Shields


You had 7 spell levels left.
You didn't know any spells.
Your spell library was empty.

Dungeon Overview and Level Annotations

Branches:
Dungeon (5/15)             Temple (0/1) D:4

Altars:
Qazlal
Sif Muna
Uskayaw
Vehumet
Xom

Shops:
D:2 [

Annotations:
D:2 1 runed translucent door, Crazy Yiuf
D:5 Prince Ribbit


Innate Abilities, Weirdness & Mutations

((You are quick and stealthy near water. (Stealth+, EV+, Speed+++)))
Your lower body shifts to a powerful aquatic tail in water.


Message History

The scorpion stings you!
You are poisoned.
The scorpion poisons you!
You feel very sick.
You barely miss the scorpion.
The scorpion is heavily wounded.
You feel sick.
The scorpion stings you but does no damage.
You block the scorpion's attack.
You feel sick.
You kill the scorpion!
Trog accepts your kill.
You have reached level 8!
You feel sick.
You feel sick.
You feel sick.
You feel sick.
You feel sick.
You feel sick.
You are no longer poisoned.
Prince Ribbit blinks!
Prince Ribbit blinks!
Prince Ribbit blinks!
You puncture Prince Ribbit!
Prince Ribbit is moderately wounded.
Prince Ribbit blinks!
Prince Ribbit closely misses you.
You hit Prince Ribbit.
Prince Ribbit is moderately wounded.
You block Prince Ribbit's attack.
You hit Prince Ribbit.
Prince Ribbit is moderately wounded.
Prince Ribbit hits you!
* * * LOW HITPOINT WARNING * * *
Prince Ribbit hits you!
* * * LOW HITPOINT WARNING * * *
It was a potion of flight.
You feel very buoyant.
You fly up into the air.
Prince Ribbit barely misses you.
You feel better. You block Prince Ribbit's attack. Prince Ribbit hits you!
You die...

############## #.......|....###
#.########.....#############
......####.#.#.#<..........#
#.###............#####.....######
.......###.#.#...# #...........
#.####.# #.....F.# #.....######
#.# #.# ###.##.@# #.....# #.#
#.### #.##..# ####### #.# #...#
#.##..# #.######.###.##..######
#.........)...........#
#########........####.#
#.####.### ##ยง## #.# #.# #...#
#<# #.# ###..F########


You could see Prince Ribbit.

Vanquished Creatures
  3 ogres
  A necrophage (D:4)
  2 scorpions (D:5)
  A hound (D:4)
  An orc priest (D:4)
  Jessica (D:3)
  2 iguanas
  A hound skeleton (D:5)
  Robin (D:4)
  6 gnolls
  6 adders
  2 worms (D:3)
  3 dart slugs
  7 orcs
  8 endoplasms
  14 goblins
  16 hobgoblins
  10 jackals
  4 quokkas
  3 ball pythons
  7 bats
  3 frilled lizards
  5 kobolds
  4 rats
111 creatures vanquished.

Notes
Turn   | Place    | Note
-------+----------+-------------------------------------------
     0 | D:1      | Spaninq the Merfolk Berserker began the quest for the Orb.
     0 | D:1      | Reached XP level 1. HP: 18/18 MP: 1/1
   119 | D:1      | Reached XP level 2. HP: 24/24 MP: 2/2
   284 | D:1      | Reached skill level 5 in Polearms
   580 | D:1      | Reached XP level 3. HP: 22/29 MP: 3/3
   783 | D:1      | Found a faded altar of an unknown god.
  1032 | D:2      | Reached ** piety under Trog
  1157 | D:2      | Found a stormy altar of Qazlal.
  1269 | D:2      | Found a runed translucent door.
  1270 | D:2      | Noticed Crazy Yiuf
  1373 | D:2      | Reached XP level 4. HP: 31/37 MP: 4/4
  2215 | D:2      | Found Bintar Zedes's Armour Boutique.
  2221 | D:2      | Bought a +0 buckler for 54 gold pieces
  2624 | D:3      | Reached skill level 6 in Polearms
  2868 | D:3      | Reached XP level 5. HP: 42/42 MP: 5/5
  2895 | D:3      | Reached skill level 1 in Shields
  3288 | D:3      | Noticed Jessica
  3295 | D:3      | Killed Jessica
  3899 | D:3      | Reached XP level 6. HP: 29/48 MP: 6/6
  4167 | D:4      | Noticed Robin
  4179 | D:4      | Reached *** piety under Trog
  4186 | D:4      | Killed Robin
  4187 | D:4      | Reached skill level 7 in Polearms
  4191 | D:4      | Noticed a necrophage
  4227 | D:4      | Killed a necrophage
  4381 | D:4      | Found a staircase to the Ecumenical Temple.
  4443 | D:4      | Reached XP level 7. HP: 55/55 MP: 7/7
  4638 | D:4      | Reached skill level 8 in Polearms
  4766 | D:4      | Found a shimmering blue altar of Sif Muna.
  5163 | D:5      | Entered Level 5 of the Dungeon
  5556 | D:5      | Reached skill level 5 in Fighting
  5812 | D:5      | Found a radiant altar of Vehumet.
  5812 | D:5      | Found a hide-covered altar of Uskayaw.
  5892 | D:5      | Found a shimmering altar of Xom.
  5958 | D:5      | Noticed Prince Ribbit
  5973 | D:5      | Reached skill level 9 in Polearms
  5979 | D:5      | Reached XP level 8. HP: 14/62 MP: 8/8
  6005 | D:5      | HP: 2/62 [Prince Ribbit (6)]
  6007 | D:5      | Slain by Prince Ribbit

Illustrated notes

Levels and vault maps discovered:
D:1:      dpeg_arrival_simpleton_a, layout_basic,
          ebering_ecumenical_altar_abandoned
D:2:      layout_basic, serial_shops, nicolae_diamond_shop, basic_altar,
          minmay_quantized, uniq_crazy_yiuf_cottage
D:3:      layout_loops_corners, chequers_serial_rivers_micro_c,
          minmay_misc_feat_diagonals, kennysheep_generic_room_6, uniq_jessica
D:4:      layout_basic, lemuel_blue_sif_altar, minmay_temple_entry_proselytizer,
          chequers_serial_rivers_micro_a, uniq_robin
D:5:      layout_loops_ring, marbit_many_paths,
          gammafunk_temple_overflow_elements, uniq_prince_ribbit1

Skill      XL: |  1  2  3  4  5  6  7 |
---------------+----------------------+-----
Dodging        | 3 |  3.9
Polearms       | 5 6 7 9 |  9.1
Armour         | 2 |  2.1
Fighting       | 4 5 |  5.3
Shields        | 2 3 4 |  4.1

Action                   |  1- 3 |  4- 6 |  7- 9 || total
-------------------------+-------+-------+-------++-------
Melee: Spear             |    20 |    27 |       ||    47
       Dagger            |    82 |   143 |       ||   225
       Short sword       |       |    40 |    41 ||    81
  Use: Scroll            |       |       |    11 ||    11
       Potion            |       |       |     2 ||     2
 Stab: Sleeping          |     2 |       |     1 ||     3
Armor: Animal skin       |    25 |     5 |     8 ||    38
       Ring mail         |       |    41 |       ||    41
Dodge: Dodged            |    80 |    93 |    23 ||   196
Block: Buckler           |       |    28 |    11 ||    39

Table legend: (Time is in decaauts)
 A = Elapsed time spent in this place.
 B = Non-inter-level travel time spent in this place.
 C = Inter-level travel time spent in this place.
 D = Time resting spent in this place.
 E = Time spent auto-exploring this place.
 F = Levels seen in this place.
 G = Mean time per level.
                   A        B        C        D        E       F      G
               +--------+--------+--------+--------+--------+-----+--------+
         Total |   6019 |   5709 |    310 |    416 |   4195 |   5 | 1203.8 |
       Dungeon |   6019 |   5709 |    310 |    416 |   4195 |   5 | 1203.8 |
               +--------+--------+--------+--------+--------+-----+--------+

Top non-repeatable levels by time:
     D:2: 1763 daAuts
     D:3: 1408 daAuts
     D:4: 1074 daAuts
     D:1: 1030 daAuts
     D:5: 742 daAuts
